 Dungeon Crawl Stone Soup version 0.31-a0-833-gc15d34cb79 (webtiles) character file.

Game seed: 2709787723096063032

4089 BigDaddyOpFi the Mimic (level 10, -3/80 HPs)
             Began as a Djinni Shapeshifter on Aug 25, 2023.
             Was a Believer of Wu Jian.
             Slain by a wight
             ... wielding a +5 dire flail
              (6 damage)
             ... on level 10 of the Dungeon on Sept 25, 2023.
             The game lasted 00:13:33 (10684 turns).

BigDaddyOpFi the Mimic (Djinni Shapeshifter)       Turns: 10684, Time: 00:13:34

Health: -3/80      AC: 12    Str: 18    XL:     10   Next: 50%
Gold:   825        EV:  7    Int: 10    God:    Wu Jian [**....] SH:  0 Dex: 14

rFire   + +          .
                       - Unarmed
rCold   . . .        (shield currently unavailable)
rNeg    . . .        w - +0 plate armour
rPois   ∞            j - +2 hat
rElec   .            (no cloak)
rCorr   .            (no gloves)
SInv    .            (boots unavailable)
Will    +....        k - amulet of the acrobat Stlth
                     l - ring of protection from fire
HPRegen 0.33/turn    y - ring of ice
MPRegen 0.00/turn

%: acrobat, infuse magic (-4 HP)
@: about to teleport, flux-form, flying, glowing
A: glow, contaminating, flying, sickness immunity, fire resistance 2, cold
vulnerability 1, float, innate caster, HP casting, extra vitality 1, robust 1,
screaming 1
a: Begin Untransformation, Renounce Religion, Wall Jump


You were on level 10 of the Dungeon.
You worshipped Wu Jian.
Wu Jian was pleased with you.
You were something dangerously unstable.
You visited 2 branches of the dungeon, and saw 11 of its levels.

You collected 825 gold pieces.

Inventory:

Hand Weapons
 m - a +0 short sword of venom
 o - a +1 falchion of freezing
 x - a +1 war axe of freezing
Armour
 j - a +2 hat (worn)
 w - a +0 plate armour (worn)
Jewellery
 k - an amulet of the acrobat (around neck)
 l - a ring of protection from fire (left hand)
 p - a +6 ring of intelligence
 t - an amulet of faith
 y - a ring of ice (right hand)
Talismans
 c - a beast talisman
 d - a flux talisman (active)
Wands
 f - a wand of flame (38)
 g - a wand of iceblast (17) (quivered)
 i - a wand of paralysis (18)
 s - a wand of digging (2)
 u - a wand of polymorph (9)
Scrolls
 e - 10 scrolls of identify
 h - a scroll of teleportation
 q - a scroll of poison


   Skills:
 + Level 6.5 Fighting
 + Level 7.4 Dodging
 + Level 7.2 Unarmed Combat
 * Level 8.2 Shapeshifting


You knew the following spells:

 Your Spells              Type           Power      Damage    Failure   Level
a - Sandblast             Erth           0%         2d4       100%        1
b - Momentum Strike       Conj/Tloc      0%         3d8       100%        2
c - Confusing Touch       Hex            0%         N/A       100%        3
d - Vhi's Electric Charg  Tloc/Air       0%         N/A       100%        4
Your spell library was empty.


Dungeon Overview and Level Annotations

Branches:
Dungeon (10/15)            Temple (1/1) D:5
   Lair: D:8-11         Orc: D:9-12

Altars:
Ashenzari
Cheibriados
Dithmenos
Fedhas
Gozag
Makhleb
Nemelex Xobeh
Okawaru
Qazlal
Ru
Trog
Uskayaw
Wu Jian
Xom
Yredelemnul
Zin
The Shining One

Shops:
D:6 *


Innate Abilities, Weirdness & Mutations

You are something dangerously unstable.
You glow with magical radiation, making you easy to see and hit.
Foes you strike become dangerously contaminated with magical radiation.
You are flying.
You are incapable of wielding weapons or throwing items.
You are immune to sickness and miasma.
You are immune to poison.
Your flesh is very heat resistant. (rF++)
You are vulnerable to cold. (rC-)
You float through the air rather than walking.
You learn spells naturally, not from books.
Your magical power is your life essence.
You have superior vitality. (+4 MHP)
You are robust. (+10% HP)
You occasionally shout uncontrollably at your foes.


Message History

You kill the killer bee!
The Council accepts your kill. The killer bee barely misses you.
Aiming: Paralyse
Press: ? - help, Q - select action, (/) - cycle Shift-Dir - straight line, f - killer bee
Aim: a killer bee (chance to affect: 57%)
The killer bee suddenly stops moving!
Your surroundings suddenly seem different.
You yell at the orc! 5 orcs and 4 wights come into view.
An orc priest is wielding a +0 dagger of venom.
An orc is wielding a +0 hand axe and carrying a wand of iceblast.
Found a scroll labelled TESEZI NYSUUNU and 8 stones.
The orc warrior shouts!
The orc shouts!
The orc priest shouts!
The orc shouts!
You hear a shout!
The orc wizard mumbles some strange words.
The orc wizard flickers and vanishes!
Deactivating autopickup; reactivate with Ctrl-A.
The orc warrior unwields a +0 war axe.
The orc warrior wields a +0 orcbow.
The orc warrior shoots an arrow.
The arrow barely misses you.
You aren't carrying any potions.
As you read the scroll of teleportation, it crumbles to dust.
You feel strangely unstable.
A centaur comes into view.
The centaur wields a +0 orcbow.
The centaur shoots an arrow.
The arrow barely misses you.
The arrow hits the orc!
The orc dies!
The orc priest casts a cantrip, but nothing happens.
The orc zaps a wand.
The mass of ice explodes!
The iceblast engulfs you!
* * * LOW HITPOINT WARNING * * *
The iceblast engulfs the orc!
The orc dies!
The iceblast engulfs the wight.
The wight partially resists.
Okay, then.
You aren't carrying any potions.
The air fills with toxic fumes!
As you read the scroll of poison, it crumbles to dust.
The centaur shoots an arrow.
The arrow hits you!
* * * LOW HITPOINT WARNING * * *
The wight hits you with a +5 dire flail.
You die...

§§§§§§§§§§#
§§§§§§§§§§#
§§§§§§§§§§#
§§§§{§§§§§#
§§§§.§§§§§###§#
§§§§§z§§§§§c§
§§§§o§zz§§#
§o§§z§§p§§#
§§§§§§#####
§§§§§ §§§§ §§§
§§ #


You could see an orc warrior, a centaur, 4 wights and an orc priest.

Vanquished Creatures
  Grinder (D:3)
  Sigmund (D:2)
  A yak (D:8)
  2 steam dragons (D:9)
  4 sky beasts
  2 ice beasts
  A black bear (D:6)
  2 orc warriors
  A centaur (D:8)
  A phantom (D:6)
  2 kobold brigands
  5 bullfrogs
  A gnoll sergeant (D:8)
  A scorpion (D:6)
  3 wights (D:6)
  18 killer bees
  4 howler monkeys
  A jelly (D:7)
  2 hounds
  2 orc priests
  A gnoll bouda (D:7)
  Ijyb (D:3)
  Jessica (D:2)
  A sleepcap (D:7)
  Terence (D:2)
  2 iguanas
  4 orc wizards
  4 gnolls
  6 adders
  2 shadow imps
  2 white imps
  2 ufetubi
  A worm (D:2)
  2 dart slugs
  16 orcs
  11 ball pythons
  10 endoplasms
  A giant cockroach (D:1)
  14 goblins
  5 hobgoblins
  2 jackals (D:1)
  3 quokkas
  3 bats
  A frilled lizard (D:2)
  15 kobolds
  5 rats
171 creatures vanquished.

Vanquished Creatures (others)
  2 orcs (D:10)
2 creatures vanquished.

Grand Total: 173 creatures vanquished

Notes
Turn   | Place    | Note
-------+----------+-------------------------------------------
     0 | D:1      | BigDaddyOpFi the Djinni Shapeshifter began the quest for
                  | the Orb.
     0 | D:1      | Reached XP level 1. HP: 17/17 MP: 0/0
    33 | D:1      | Reached XP level 2. HP: 13/22 MP: 0/0
   305 | D:1      | Reached XP level 3. HP: 27/27 MP: 0/0
   305 | D:1      | Learned a level 1 spell: Sandblast
   320 | D:1      | Reached skill level 3 in Shapeshifting
   815 | D:2      | Noticed Sigmund
  1147 | D:2      | Reached XP level 4. HP: 31/33 MP: 0/0
  1305 | D:2      | Noticed Terence
  1313 | D:2      | Gained mutation: You are robust. (+10% HP) [potion of
                  | mutation]
  1313 | D:2      | Gained mutation: You occasionally shout uncontrollably at
                  | your foes. [potion of mutation]
  1318 | D:2      | Killed Sigmund
  1319 | D:2      | Reached skill level 4 in Shapeshifting
  1319 | D:2      | Reached XP level 5. HP: 28/42 MP: 0/0
  1319 | D:2      | Learned a level 2 spell: Momentum Strike
  1319 | D:2      | Reached XP level 6. HP: 32/49 MP: 0/0
  1332 | D:2      | Killed Terence
  1771 | D:2      | Noticed Jessica
  1782 | D:2      | Killed Jessica
  2031 | D:3      | Noticed Grinder
  2046 | D:3      | Killed Grinder
  2047 | D:3      | Reached XP level 7. HP: 26/55 MP: 0/0
  2047 | D:3      | Learned a level 3 spell: Confusing Touch
  2573 | D:3      | Noticed Ijyb
  2584 | D:3      | Killed Ijyb
  3755 | D:5      | Entered Level 5 of the Dungeon
  3779 | D:5      | Reached skill level 5 in Shapeshifting
  3967 | D:5      | Reached XP level 8. HP: 34/62 MP: 0/0
  4262 | D:5      | Found a broken altar of Ashenzari.
  4665 | D:5      | Found a staircase to the Ecumenical Temple.
  4679 | Temple   | Entered the Ecumenical Temple
  4723 | Temple   | Upgraded the game from 0.31-a0-631-g285b096dc4 to
                  | 0.31-a0-740-g87205ac768
  4772 | Temple   | Became a worshipper of the Wu Jian Council
  4907 | D:6      | Reached skill level 5 in Unarmed Combat
  5307 | D:6      | Reached skill level 5 in Dodging
  5829 | D:6      | Reached skill level 6 in Shapeshifting
  6008 | D:6      | Found Taci's Elemental Accessories.
  6156 | D:6      | Found a bloodstained altar of Trog.
  6237 | D:6      | Reached XP level 9. HP: 49/69 MP: 0/0
  6237 | D:6      | Learned a level 4 spell: Vhi's Electric Charge
  6621 | D:6      | Reached skill level 5 in Fighting
  7233 | D:7      | Reached skill level 7 in Shapeshifting
  7426 | D:7      | Reached * piety under Wu Jian
  7429 | D:7      | HP: 3/71 [gnoll/+0 spear[a gnoll bouda] (8)]
  8214 | D:8      | Reached XP level 10. HP: 79/79 MP: 0/0
 10093 | D:9      | Found an opulent altar of Gozag.
 10172 | D:9      | Reached skill level 8 in Shapeshifting
 10287 | D:9      | Reached ** piety under Wu Jian
 10356 | D:9      | Upgraded the game from 0.31-a0-740-g87205ac768 to
                  | 0.31-a0-833-gc15d34cb79
 10464 | D:10     | Entered Level 10 of the Dungeon
 10684 | D:10     | HP: 3/80 [centaur/arrow (8)]
 10684 | D:10     | Slain by a wight

Illustrated notes

Levels and vault maps discovered:
D:1:      dpeg_arrival_houses_and_road, layout_rooms, hangedman_glass_teeth,
          st_stairs_11, grunt_decor_junction, chequers_decorated_corner
D:2:      layout_basic, grunt_decor_mini_mirrors, uniq_sigmund, uniq_jessica,
          uniq_terence
D:3:      layout_basic, uniq_ijyb, uniq_grinder
D:4:      layout_loops_cross
D:5:      layout_basic, amcnicky_altar_gilded,
          minmay_temple_entry_statues_pillars, nrook_campfire,
          minmay_gold_behind_fungi, minmay_misc_feat_alley
D:6:      layout_basic, mainiacjoe_overflow_alcove_1, minmay_holes,
          minmay_misc_feat_chi, grunt_ministairs_6, nicolae_elemental_shop,
          hangedman_decor_clover_reticule
D:7:      layout_basic, kennysheep_generic_room_8
D:8:      layout_basic, nicolae_concentric_dashed_squares_mild, st_stairs_14,
          minmay_checkerbox
D:9:      layout_rooms, nicolae_gozag_seed_capital
D:10:     layout_basic, nicolae_overflow_hidden_temple
Temple:   hellmonk_temple_of_storms

Skill      XL: |  1  2  3  4  5  6  7  8  9 10 |
---------------+-------------------------------+-----
Shapeshifting  | 3 4 5 6 7 8 |  8.2
Fighting       | 2 3 4 5 6 |  6.5
Dodging        | 3 4 5 6 7 |  7.4
Unarmed Combat | 4 5 6 7 |  7.2

Action                     |  1- 3 |  4- 6 |  7- 9 | 10-12 || total
---------------------------+-------+-------+-------+-------++-------
  Melee: Unarmed           |   111 |    47 |   410 |   173 ||   741
         Punch             |       |     2 |     1 |       ||     3
Ability: Lunge             |       |       |    10 |     2 ||    12
         Whirlwind         |       |       |     1 |     6 ||     7
  Evoke: Wand              |       |       |     3 |     4 ||     7
    Use: Scroll            |     2 |       |     3 |     8 ||    13
         Potion            |       |     6 |    10 |     2 ||    18
   Stab: Sleeping          |     2 |     1 |       |       ||     3
         Paralysed         |       |       |       |     2 ||     2
 Armour: Animal skin       |    30 |     4 |   134 |       ||   168
         Skin              |       |    12 |    44 |    17 ||    73
         Plate armour      |       |       |    57 |   206 ||   263
  Dodge: Dodged            |    80 |    17 |   294 |    94 ||   485
   Form: Flux              |       |       |     1 |       ||     1

Table legend: (Time is in decaauts)
 A = Elapsed time spent in this place.
 B = Non-inter-level travel time spent in this place.
 C = Inter-level travel time spent in this place.
 D = Time resting spent in this place.
 E = Time spent auto-exploring this place.
 F = Levels seen in this place.
 G = Mean time per level.
                   A        B        C        D        E       F      G
               +--------+--------+--------+--------+--------+-----+--------+
         Total |  10600 |  10368 |    232 |   2870 |   5812 |  11 |  963.6 |
       Dungeon |  10497 |  10274 |    223 |   2870 |   5812 |  10 | 1049.7 |
        Temple |    102 |     93 |      9 |      0 |      0 |   1 |  102.0 |
               +--------+--------+--------+--------+--------+-----+--------+

Top non-repeatable levels by time:
     D:8: 1825 daAuts
     D:6: 1505 daAuts
     D:7: 1449 daAuts
     D:5: 1400 daAuts
     D:2: 1029 daAuts
     D:3: 998 daAuts
     D:4: 912 daAuts
     D:1: 777 daAuts
     D:9: 384 daAuts
    D:10: 215 daAuts
  Temple: 102 daAuts
